AoeStats
← So sad

MegaRandom

508026618Analyzed
3v3 RM · 10d ago on Sep 20, 2026· 25m 30s· 6 players
Game mode
Random Map
Map size
Normal (6 player)
Population
200
Speed
Normal
Resources
Standard
Victory
Conquest
Starting age
Dark Age
Ending age
Imperial Age
RankedLock teamsTeams togetherTeam positionsShared explorationLock speedFull tech treeHidden civsTurbo modeCheats
Victory
Defeat
🇺🇸 Maya · United States
1351
+18
🇧🇷 Bengalis · Brazil
1339
+19
🇺🇸 Franks · United States
1317
+19
🇺🇦 Poles · Ukraine
1408
-19
🇧🇾 Mongols · Belarus
1395
-19
🇧🇾 Hindustanis · Belarus
1386
-18
Rett Mikhal
1:09 Loom
12:12 Feudal Age
13:34 Wheelbarrow
12:45 Double-Bit Axe
16:16 Forging
20:55 Castle Age
19:56 Scale Barding Armor
21:49 Husbandry
21:52 Gold Mining
25:25 Iron Casting
25:59 Hand Cart
Karzul
9:15 Loom
11:00 Feudal Age
15:47 Castle Age
13:34 Double-Bit Axe
15:05 Fletching
17:04 Bodkin Arrow
17:21 Bow Saw
24:07 Ballistics
Fort
0:40 Loom
10:07 Feudal Age
10:52 Double-Bit Axe
18:04 Castle Age
16:08 Horse Collar
17:34 Fletching
17:48 Stone Mining
17:52 Gold Mining
20:36 Bow Saw
So sad
4:23 Loom
11:35 Feudal Age
15:01 Double-Bit Axe
17:24 Castle Age
18:10 Squires
22:59 Town Watch
25:26 Husbandry
HURMA
7:09 Loom
7:21 Loom
7:40 Loom
11:09 Feudal Age
11:49 Horse Collar
16:24 Castle Age
17:33 Bloodlines
17:55 Fletching
19:30 Padded Archer Armor
21:28 Bodkin Arrow
22:57 Double-Bit Axe
24:21 Leather Archer Armor
NiL
8:24 Loom
10:13 Feudal Age
14:42 Horse Collar
18:05 Castle Age
17:23 Fletching
17:44 Stone Mining
17:44 Double-Bit Axe
20:16 Bow Saw
20:15 Scale Barding Armor
20:42 Town Watch
23:18 Bodkin Arrow
24:12 Light Cavalry
25:05 Bloodlines
24:55 Husbandry
Connection lost

Rejoining the realm…

Still unreachable

The connection could not be restored.

Session expired

The server has moved on; the page needs a fresh start.